Map: Central Protocol

Players

Thor

  • Race: Protoss Protoss
  • League: Bronze

lesha - Winner!

  • Race: Terran Terran
  • League: Silver

VOD

Have the link to the VOD?

Description

Time

  • Played on: Jan. 1, 2016, 9:23 a.m.
  • Length: 11:52
Show
View Real Time Build Order
Export as new Build Order

Thor Protoss 

Build Orders:  

Get SALT Encoding   

  12  0:04  Probe (Chrono Boost)  
  13  0:15  Probe (Chrono Boost)  
  14  0:25  Probe (Chrono Boost)  
  15  0:45  Pylon  
  15  0:55  Assimilator  
  15  1:00  Assimilator  
  15  1:03  Probe (Chrono Boost)  
  16  1:13  Probe (Chrono Boost)  
  17  1:24  Probe (Chrono Boost)  
  18  1:32  Forge  
  18  1:35  Probe (Chrono Boost)  
  19  1:45  Probe (Chrono Boost)  
  20  1:52  Gateway  
  20  1:56  Probe (Chrono Boost)  
  21  2:06  Probe (Chrono Boost)  
  22  2:12  Pylon  
  22  2:17  Probe (Chrono Boost)  
  22  2:20  Pylon  
  23  2:30  Probe (Chrono Boost)  
  23  2:47  Photon Cannon  
  23  2:55  Photon Cannon  
  23  3:06  Cybernetics Core  
  23  3:09  Probe (Chrono Boost)  
  23  3:12  Pylon  
  24  3:45  Stargate  
  24  3:50  Stargate  
  24  4:10  Photon Cannon  
  24  4:11  Protoss Air Weapons Level 1  
  24  4:33  Oracle (Chrono Boost)  
  30  4:39  Oracle (Chrono Boost)  
  30  4:40  Nexus  
  30  4:45  Protoss Shields Level 1  
  30  4:55  Pylon  
  30  5:05  Assimilator  
  30  5:06  Oracle (Chrono Boost), Assimilator  
  36  5:15  Oracle (Chrono Boost)  
  36  5:37  Oracle (Chrono Boost)  
  39  5:51  Probe  
  39  5:56  Oracle (Chrono Boost)  
  43  6:02  Probe  
  44  6:13  Probe  
  45  6:23  Probe  
  46  6:27  Oracle (Chrono Boost)  
  46  6:31  Assimilator  
  49  6:34  Probe  
  49  6:36  Assimilator  
  49  6:38  Oracle (Chrono Boost)  
  53  6:44  Probe  
  54  6:48  Protoss Air Armor Level 1  
  54  6:55  Probe  
  54  6:58  Probe  
  56  7:05  Probe  
  57  7:10  Probe  
  57  7:14  Oracle (Chrono Boost)  
  61  7:16  Probe  
  62  7:31  Pylon  
  62  7:49  Probe, Oracle x2 (Chrono Boost)  
  69  7:59  Pylon  
  69  8:01  Probe  
  70  8:07  Pylon  
  70  8:14  Pylon  
  70  8:17  Probe  
  71  8:21  Oracle x2 (Chrono Boost)  
  77  8:29  Probe  
  78  8:41  Probe  
  79  9:00  Void Ray x2 (Chrono Boost)  
  45  9:55  Fleet Beacon  
  45  9:59  Pylon  
  45  10:06  Probe  
  46  10:15  Pylon  
  46  10:18  Probe  
  47  10:23  Oracle x2 (Chrono Boost)  
  45  10:30  Probe  
  44  10:42  Probe, Photon Cannon  
  38  10:53  Pylon  
  38  10:54  Probe, Void Ray x2 (Chrono Boost)  
  30  11:28  Gateway  
Show
View Real Time Build Order
Export as new Build Order

lesha Terran - Winner!

Build Orders: MMM Bio 

Get SALT Encoding   

  12  0:01  SCV  
  13  0:14  SCV  
  14  0:18  Supply Depot  
  14  0:26  SCV  
  15  0:40  SCV  
  15  0:41  Barracks  
  16  0:49  Refinery  
  16  0:52  SCV  
  17  1:04  SCV  
  18  1:16  SCV  
  19  1:28  SCV  
  20  1:35  Reaper  
  21  1:41  Orbital Command  
  20  2:18  Command Center, Factory  
  20  2:21  Supply Depot  
  20  2:38  Barracks  
  20  2:39  Barracks  
  20  2:41  Barracks Reactor  
  20  2:50  Bunker  
  20  2:51  SCV  
  20  2:57  Refinery  
  21  3:02  Factory Tech Lab  
  21  3:03  SCV  
  22  3:15  SCV  
  22  3:19  Marine x2  
  25  3:28  Barracks Reactor, Barracks Tech Lab  
  25  3:37  Marine x2  
  25  3:39  SCV  
  28  3:42  Orbital Command  
  28  3:50  Marine  
  28  3:53  Siege Tank  
  28  3:55  Marine  
  33  4:07  Marine x3  
  33  4:09  Marauder  
  38  4:10  SCV x2  
  40  4:19  Supply Depot  
  40  4:20  Supply Depot  
  40  4:21  Marine  
  40  4:22  SCV  
  40  4:23  SCV  
  43  4:25  Stimpack  
  43  4:32  Marine x2  
  43  4:33  Marine  
  46  4:41  Marauder  
  48  4:50  Widow Mine  
  50  4:59  Marine x3  
  53  5:01  Engineering Bay  
  53  5:02  Marauder  
  55  5:09  SCV  
  55  5:10  SCV, Barracks  
  57  5:19  Marine x3, Widow Mine  
  62  5:28  SCV x2, Marine  
  65  5:30  Terran Infantry Weapons Level 1  
  65  5:40  Missile Turret  
  65  5:41  Marine  
  65  5:42  Missile Turret  
  66  5:45  Missile Turret  
  66  5:49  SCV x2  
  68  5:57  Starport  
  68  6:12  Barracks Reactor  
  68  6:18  SCV x2  
  68  6:25  Refinery  
  70  6:27  Refinery  
  70  6:30  SCV  
  70  6:31  SCV  
  72  6:35  Marine  
  72  6:36  Supply Depot x3  
  74  6:43  SCV x2  
  78  6:48  Marauder  
  77  6:56  SCV  
  77  6:57  SCV  
  77  6:58  Barracks Reactor  
  79  7:11  Medivac x2  
  79  7:12  Marine x4  
  87  7:24  Terran Infantry Armor Level 1  
  87  7:25  Barracks  
  87  7:27  Engineering Bay  
  88  7:30  Marine  
  88  7:31  Marauder  
  90  7:37  Combat Shields  
  90  7:41  SCV, Medivac  
  90  7:43  SCV  
  94  7:52  Medivac  
  94  7:54  Marine x3  
  94  7:55  Armory  
  99  8:15  Command Center, Supply Depot  
  99  8:20  Supply Depot  
  99  8:23  SCV x2  
  101  8:40  Marine  
  101  8:41  Marine x5  
  104  8:42  Marauder  
  109  8:58  Marine x2  
  109  8:59  Marine x3  
  109  9:01  Marine  
  115  9:04  Marauder  
  117  9:16  Marine x2  
  118  9:17  Marine x2  
  99  9:25  Marine x3  
  99  9:30  Viking x2  
  106  9:34  Marine x2  
  106  9:35  Orbital Command, Marine x2  
  110  9:42  Marine  
  110  9:43  Marine x2  
  110  9:52  Marine  
  111  10:00  Viking x2  
  111  10:01  Marine x3  
  111  10:02  Marine x3  
  121  10:09  Marine  
  122  10:19  Marine  
  119  10:29  Marine x6  
  119  10:31  Medivac x2  
  129  10:37  Marine  
  130  10:47  Marine  
  130  10:48  Marauder  
  132  10:58  Marine  
  132  11:00  Marine  
  132  11:01  Marine  
  132  11:02  Marine  
  132  11:03  Marine  
  132  11:04  Marine  
  132  11:07  Supply Depot x2, Medivac  
  132  11:08  Supply Depot  
  132  11:10  Marauder  
  133  11:28  Marine x6  
  133  11:31  Command Center x2  
  141  11:37  Barracks Reactor  
  141  11:41  Barracks  
  141  11:43  Barracks  
Tags
 
Add a new tag
Caveats
  • Supply blocks, unpowered buildings, or Contaminate may cause inaccurate times.
  • Supply counts are checked every 10 seconds.